Map: Odyssee LE

Players

Panda - Winner!

  • Race: Zerg Zerg
  • League: Platinum
  • Spawn Location: 11:00

Garoth

  • Race: Zerg Zerg
  • League: Platinum
  • Spawn Location: 5:00

VOD

Have the link to the VOD?

Description

Time

  • Played on: Sept. 5, 2017, 2:06 p.m.
  • Length: 11:55
Show
View Real Time Build Order
Export as new Build Order

Panda Zerg - Winner!

Build Orders: Pool First, Zergling Baneling 

Get SALT Encoding   

  12  0:01  Drone  
  13  0:18  Extractor  
  12  0:26  Spawning Pool  
  12  0:28  Drone  
  12  0:33  Drone  
  13  0:42  Overlord  
  13  0:48  Drone  
  14  1:12  Zergling x2  
  14  1:13  Zergling x4  
  14  1:15  Queen  
  19  1:23  Zergling x2  
  20  1:31  Metabolic Boost  
  20  1:37  Zergling x2  
  21  1:47  Zergling x2  
  22  1:58  Baneling Nest  
  22  1:59  Zergling x2  
  22  2:06  Overlord  
  21  2:27  Zergling x6  
  21  2:28  Zergling x2  
  25  2:38  Zergling x2  
  24  2:54  Zergling x2  
  24  2:58  Baneling x4  
  25  3:06  Zergling x6  
  25  3:12  Zergling x2  
  28  3:36  Zergling x2  
  28  3:37  Zergling x2  
  25  3:43  Zergling x2  
  25  3:47  Baneling x5  
  25  4:04  Zergling x2  
  25  4:05  Zergling x2  
  25  4:15  Zergling x2  
  22  4:27  Drone  
  22  4:31  Hatchery  
  22  4:34  Drone  
  22  4:49  Drone  
  23  5:00  Baneling x2  
  23  5:01  Drone x2  
  23  5:02  Drone  
  26  5:11  Drone  
  27  5:17  Roach Warren  
  27  5:19  Drone x3  
  29  5:34  Overlord  
  29  5:46  Drone x2  
  29  5:47  Queen  
  33  5:53  Drone x3  
  33  5:55  Drone  
  37  5:59  Drone  
  38  6:10  Roach  
  40  6:13  Zergling x2  
  40  6:39  Roach  
  43  6:40  Roach x2, Overlord x2  
  43  6:41  Overlord  
  43  6:51  Extractor  
  42  6:54  Lair  
  42  6:56  Extractor, Drone x2  
  42  7:00  Drone x3  
  46  7:07  Unknown  
  46  7:10  Roach x2  
  46  7:14  Drone x2  
  46  7:15  Drone x2  
  54  7:20  Evolution Chamber  
  54  7:21  Evolution Chamber  
  52  7:26  Drone x3  
  52  7:27  Drone  
  56  7:34  Drone x2  
  58  7:43  Roach x3  
  64  7:54  Zerg Ground Armor Level 1  
  64  8:14  Zerg Missile Weapons Level 1  
  64  8:18  Glial Reconstitution  
  63  8:30  Roach x2  
  63  8:31  Overlord x2  
  63  8:32  Overlord x3  
  63  8:33  Unknown  
  67  8:45  Ravager  
  68  8:49  Overlord x2  
  68  8:50  Overlord x2  
  68  8:59  Roach  
  68  9:00  Roach x7  
  84  9:08  Hatchery  
  83  9:11  Roach x2  
  83  9:12  Roach x2  
  91  9:21  Roach x2  
  95  9:29  Roach  
  95  9:30  Roach x3  
  103  9:38  Roach  
  103  9:39  Roach x2  
  109  9:51  Zergling x10  
  92  10:22  Roach  
  92  10:23  Zergling x2  
  92  10:24  Zergling x20  
  92  10:26  Overseer  
  103  10:30  Ravager x2  
  103  10:31  Ravager  
  88  10:50  Roach x6  
  88  10:51  Roach  
  88  10:55  Zergling x4  
  100  11:09  Roach  
  100  11:10  Roach x3  
  105  11:15  Roach x2  
  109  11:18  Zergling x2  
Show
View Real Time Build Order
Export as new Build Order

Garoth Zerg 

Build Orders: Pool First 

Get SALT Encoding   

  12  0:02  Drone  
  13  0:08  Drone  
  14  0:14  Extractor  
  14  0:16  Drone  
  15  0:23  Overlord  
  15  0:38  Spawning Pool  
  15  0:42  Drone  
  15  0:46  Drone  
  15  0:49  Drone  
  17  1:13  Hatchery  
  16  1:18  Drone x2  
  18  1:27  Queen  
  20  1:35  Spine Crawler  
  20  1:38  Extractor  
  20  1:39  Drone  
  19  1:42  Drone  
  19  1:45  Drone  
  21  1:53  Overlord  
  21  2:06  Drone  
  22  2:10  Queen  
  24  2:22  Roach Warren  
  23  2:37  Spine Crawler  
  23  2:41  Zergling x6  
  23  2:42  Zergling x4  
  28  2:58  Drone  
  28  3:06  Roach Warren  
  28  3:08  Drone  
  25  3:24  Extractor  
  25  3:26  Drone  
  12  3:46  Roach  
  14  3:51  Roach  
  16  4:05  Roach x4  
  23  4:16  Drone  
  19  4:31  Drone x3  
  19  4:32  Drone  
  23  4:51  Drone  
  24  5:00  Drone x4  
  28  5:14  Drone  
  29  5:25  Drone  
  30  5:31  Overlord x2  
  30  5:36  Lair  
  30  5:50  Drone x3  
  33  6:03  Drone x3  
  36  6:11  Drone  
  36  6:16  Hatchery  
  36  6:26  Roach  
  36  6:29  Roach x2  
  42  6:39  Hatchery  
  42  6:47  Overseer  
  42  6:56  Queen  
  44  7:36  Hydralisk Den  
  43  7:37  Drone x3  
  43  7:39  Overlord x2  
  43  7:41  Overlord  
  46  7:52  Drone  
  47  7:59  Drone x3  
  50  8:07  Drone  
  50  8:12  Lurker Den  
  51  8:56  Extractor, Drone x3  
  51  8:58  Drone x2  
  51  8:59  Drone  
  51  9:00  Extractor  
  51  9:01  Drone x2  
  57  9:23  Hydralisk x2  
  61  9:29  Hydralisk x3  
  67  9:44  Spine Crawler  
  66  9:50  Lurker x2  
  38  10:23  Lurker  
  33  10:32  Hydralisk x5  
  29  11:10  Roach  
  29  11:11  Roach x9  
  37  11:12  Roach x5  
Tags
 
Matchup
ZvZ
Race
Zerg
Replay Pack
replays1
Spawn Locations
Cross Positions
Add a new tag
Caveats
  • Supply blocks, unpowered buildings, or Contaminate may cause inaccurate times.
  • Supply counts are checked every 10 seconds.